 Dungeon Crawl Stone Soup version 0.30.1-11-g7821555f0a (webtiles) character file.

Game seed: 1363466307885519936

42 comborobin the Sneak (level 3, 0/29 HPs)
             Began as a Formicid Delver on Dec 18, 2023.
             Slain by an orc
             ... wielding a +0 trident
              (4 damage)
             ... on level 3 of the Dungeon.
             The game lasted 00:01:30 (469 turns).

comborobin the Sneak (Formicid Delver)               Turns: 469, Time: 00:01:31

Health: 0/29       AC:  3    Str: 18    XL:     3   Next: 77%
Magic:  3/3        EV: 12    Int:  9    God:
Gold:   0          SH:  0    Dex: 15    Spells: 2/2 levels left

rFire   . . .        a - +0 flail
rCold   . . .        g - orb {mayhem}
rNeg    . . .        b - +0 leather armour
rPois   .            (helmet unavailable)
rElec   .            (no cloak)
rCorr   .            (no gloves)
SInv    +            (no boots)
Will    .....        (no amulet)
Stlth   +++          (no ring)
HPRegen 0.24/turn    (no ring)
MPRegen 0.08/turn

%: mayhem
@: no status effects
A: permanent stasis, dig shafts and tunnels, antennae 3, four strong arms
a: Dig, Shaft Self


You were on level 3 of the Dungeon.
You visited 1 branch of the dungeon, and saw 5 of its levels.

Inventory:

Hand Weapons
 a - a +0 flail (weapon)
 i - a +0 mace
Missiles
 e - a throwing net
Armour
 b - a +0 leather armour (worn)
 g - an orb of mayhem (worn)
Wands
 f - a wand of digging (2)
Scrolls
 c - a scroll of fog
 d - a scroll of silence {unknown}
Potions
 h - a potion of lignification {unknown}


   Skills:
 - Level 3.2 Fighting
 * Level 3.8 Maces & Flails
 - Level 1.7 Dodging
 - Level 6.0 Stealth


You had 2 spell levels left.
You didn't know any spells.
Your spell library was empty.

Dungeon Overview and Level Annotations

Branches:
Dungeon (6/15)
 Temple: D:4-7

Altars:


Innate Abilities, Weirdness & Mutations

You cannot be hasted, slowed, berserked, paralysed or teleported.
You can dig through walls and to a lower floor.
You have a pair of large antennae on your head. (SInv)
Your four strong arms can wield two-handed weapons with a shield.


Message History

The hobgoblin hits you. The hobgoblin closely misses you.
A gnoll comes into view. It is wielding a +0 spear.
The hobgoblin hits the gnoll.
The gnoll barely misses you.
You thump the gnoll!
The gnoll is severely wounded.
The hobgoblin closely misses the gnoll.
The hobgoblin hits the gnoll.
The gnoll dies!
A dart slug comes into view.
You hit the gnoll but do no damage.
The hobgoblin barely misses the gnoll.
The gnoll hits you with a +0 flail.
The hobgoblin barely misses the gnoll.
The dart slug launches a dart at you.
The slug dart hits you but does no damage.
You thump the gnoll!
The gnoll is heavily wounded.
The hobgoblin barely misses the gnoll.
The gnoll barely misses you. The gnoll closely misses you.
The hobgoblin barely misses the gnoll.
You closely miss the gnoll.
The gnoll is heavily wounded.
The hobgoblin hits the gnoll.
The gnoll hits you from afar with a +0 spear!
The gnoll hits the hobgoblin with a +0 flail.
The hobgoblin hits the gnoll.
The gnoll dies!
Something hits the hobgoblin.
The hobgoblin dies!
The dart slug launches a dart at you. The slug dart hits you.
* * * LOW HITPOINT WARNING * * *
You see here an adder corpse.
There is a stone staircase leading down here.
You climb downwards.
There is a stone staircase leading up here.
Things that are here:
a +0 leather armour; a boomerang; a +0 club The orc hits you with a +0 trident.
* * * LOW HITPOINT WARNING * * *
You hit the orc.
The orc is heavily wounded.
The orc hits you with a +0 trident.
You die...

#.# #.# ##.#
##..# ######..##
...##.##
###.##'##
#####.......#
#.<[@o......##.#.
#####............
#..........##.##
#.##.......# #
.......>.[.....
.b. .######......
.. # .......# .
#......# #......#


You could see an orc.

Vanquished Creatures
  An adder (D:2)
  A worm (D:3)
  2 orcs
  A goblin (D:3)
  A hobgoblin (D:2)
6 creatures vanquished.

Vanquished Creatures (collateral kills)
  2 gnolls (D:2)
  A bat (D:3)
  A rat (D:3)
4 creatures vanquished.

Vanquished Creatures (others)
  A hobgoblin (D:2)
1 creature vanquished.

Grand Total: 11 creatures vanquished

Notes
Turn   | Place    | Note
-------+----------+-------------------------------------------
     0 | D:5      | comborobin the Formicid Delver began the quest for the Orb.
     0 | D:5      | Reached XP level 1. HP: 18/18 MP: 1/1
     8 | D:6      | Noticed an orc priest
    66 | D:5      | Noticed a gnoll sergeant
    95 | D:5      | Noticed a jelly
   213 | D:2      | Reached XP level 2. HP: 12/24 MP: 2/2
   263 | D:2      | Reached XP level 3. HP: 9/29 MP: 3/3
   469 | D:3      | Slain by an orc

Illustrated notes

Levels and vault maps discovered:
D:2:      layout_basic, minmay_tall_x
D:3:      layout_basic
D:4:      layout_basic, amcnicky_altar_gilded, trog_hazing_becter,
          minmay_temple_entry_tees, minmay_a_box_with_orc_wizards_in_it,
          uniq_ijyb
D:5:      dreamdust_elfheim, layout_rooms, enter_ossuary_2
D:6:      layout_basic, nicolae_inconvenience_store, minmay_ruffians

Skill      XL: |  1  2 |
---------------+-------+-----
Maces & Flails | 3 |  3.8
Fighting       | |  3.2
Dodging        | |  1.7
Stealth        | |  6.0

Action                     || total
---------------------------++-------
  Melee: Mace              ||    18
         Flail             ||    15
  Evoke: Wand              ||     1
    Use: Scroll            ||     2
   Stab: Sleeping          ||     1
         Distracted        ||     1
 Armour: Leather armour    ||    10
  Dodge: Dodged            ||    37
